 Dungeon Crawl Stone Soup version 0.20-a0-71-g11d6418 (webtiles) character file.

53 KristoblXynda the Ducker (level 3, -4/29 HPs)
             Began as a Demonspawn Monk on Nov 18, 2016.
             Slain by Crazy Yiuf
             ... wielding a +3 quarterstaff of chaos
              (12 damage)
             ... on level 2 of the Dungeon.
             The game lasted 00:03:23 (1790 turns).

KristoblXynda the Ducker (Demonspawn Monk)          Turns: 1790, Time: 00:03:24

Health: -4/29      AC:  5    Str: 11    XL:     3   Next: 64%
Magic:  3/3        EV: 12    Int: 12    God:
Gold:   108        SH:  0    Dex: 20    Spells: 0 memorised, 2 levels left

rFire  . . .     SeeInvis .     a - +1 spear
rCold  . . .     Gourm    .     q - +0 ring mail
rNeg   . . .     Faith    .     (no shield)
rPois  .         Spirit   .     (helmet restricted)
rElec  .         Reflect  .     (no cloak)
rCorr  .         Harm     .     (no gloves)
MR     .....                    (no boots)
Stlth  ++........               (no amulet)
                                (no ring)
                                m - +5 ring of dexterity

@: no status effects
A: antennae 1
a: no special abilities


You were on level 2 of the Dungeon.
You were not hungry.

You visited 1 branch of the dungeon, and saw 2 of its levels.

You collected 108 gold pieces.

Inventory:

Hand Weapons
 a - a +1 spear (weapon)
Armour
 q - a +0 ring mail (worn)
Jewellery
 m - a +5 ring of dexterity (left hand)
Potions
 b - a potion of lignification
 d - a potion of ambrosia {unknown}
 e - a potion of agility {unknown}
 i - 3 potions of curing
 j - a potion of heal wounds {unknown}
Comestibles
 c - 2 bread rations
 k - a meat ration


   Skills:
 - Level 3.0 Fighting
 + Level 3.1 Polearms
 + Level 1.4 Armour
 + Level 3.3 Dodging
 - Level 2.0 Stealth


You had 2 spell levels left.
You didn't know any spells.

Dungeon Overview and Level Annotations

Branches:
Dungeon (2/15)

Altars:

Annotations:
D:2 Crazy Yiuf


Innate Abilities, Weirdness & Mutations

You have a pair of small antennae on your head.


Message History

Press: ? - help, Dir - move target cursor, f/p - Crazy Yiuf
Aim: Crazy Yiuf, wielding a quarterstaff of chaos and wearing an embroidered cloak (heavily wounded)
You barely miss Crazy Yiuf.
Crazy Yiuf is heavily wounded.
Crazy Yiuf drinks a potion.
Crazy Yiuf seems to speed up.
Attack whom?
Press: ? - help, Dir - move target cursor, f/p - Crazy Yiuf
Aim: Crazy Yiuf, wielding a quarterstaff of chaos and wearing an embroidered cloak (heavily wounded, fast)
You puncture Crazy Yiuf!
Crazy Yiuf is severely wounded.
Crazy Yiuf hits you with a quarterstaff of chaos!
Crazy Yiuf burns you.
* * * LOW HITPOINT WARNING * * *
Attack whom?
Press: ? - help, Dir - move target cursor, f/p - Crazy Yiuf
Aim: Crazy Yiuf, wielding a quarterstaff of chaos and wearing an embroidered cloak (severely wounded, fast)
You hit Crazy Yiuf but do no damage.
Crazy Yiuf is severely wounded.
Crazy Yiuf hits you with a quarterstaff of chaos!
You die...

♣PP.P♣
#........#
♣.P.♣♣
#........#
♣♣)♣♣
#........#
♣)♣♣
#........#
♣♣.♣
#......(.#
♣.♣♣
###........#
♣♣.♣
#..........#
##'##
#.....####'#
#.@.#
#.....##....
#.g)#
#.....##....
#).)#
#.....##....
#####
#.....##....
#.....##....
#.....##....
########....
#.... .


You could see Crazy Yiuf.

Vanquished Creatures
  An adder (D:2)
  An ooze (D:2)
  A worm (D:2)
  2 dart slugs
  5 giant cockroaches
  7 goblins
  A hobgoblin (D:1)
  2 bats (D:1)
  2 frilled lizards (D:2)
  6 kobolds
  7 rats
35 creatures vanquished.

Notes
Turn   | Place    | Note
-------+----------+-------------------------------------------
     0 | D:1      | KristoblXynda the Demonspawn Monk began the quest for the Orb.
     0 | D:1      | Reached XP level 1. HP: 18/18 MP: 1/1
   223 | D:1      | Gained mutation: You have a pair of small antennae on your head. [demonic ancestry]
   223 | D:1      | Reached XP level 2. HP: 9/24 MP: 2/2
   795 | D:1      | Reached skill level 1 in Armour
  1033 | D:2      | Reached XP level 3. HP: 26/29 MP: 3/3
  1777 | D:2      | Found a runed door.
  1781 | D:2      | Noticed Crazy Yiuf
  1790 | D:2      | Slain by Crazy Yiuf

Vault maps used:
D:1:      minmay_arrival_loop
D:2:      kiku_gazebo_garden_becter, first_bread, uniq_crazy_yiuf_cottage

Skill      XL: |  1  2  3 |
---------------+----------+-----
Stealth        | 2 |  2.0
Dodging        | 3 |  3.3
Armour         | 1 |  1.4
Polearms       | 3 |  3.1
Fighting       | |  3.0

Action                   || total
-------------------------++-------
Melee: Spear             ||   136
  Use: Scroll            ||     7
 Stab: Sleeping          ||     4
  Eat: Pizza             ||     1
       Chunk             ||     1
Armor: Leather armour    ||    44
       Robe              ||     1
Dodge: Dodged            ||    87
